 Dungeon Crawl Stone Soup version 0.31.0-32-g396128a36d (webtiles) character file.

Game seed: 13474194432996394597

3420 Seabass1289 the Destroyer (level 10, -1/60 HPs)
             Began as a Tengu Conjurer on Apr 11, 2024.
             Was a Follower of Vehumet.
             Slain by a hornet (3 damage)
             ... on level 7 of the Dungeon.
             The game lasted 00:11:13 (8958 turns).

Seabass1289 the Destroyer (Tengu Conjurer)          Turns: 8958, Time: 00:11:13

Health: -1/60      AC:  3    Str:  8    XL:     10   Next: 5%
Magic:  17/19      EV: 33    Int: 22    God:    Vehumet [*.....]
Gold:   387        SH:  0    Dex: 13    Spells: 13/20 levels left

rFire   . . .        D - +0 dagger (venom)
rCold   + . .        (no shield)
rNeg    + . .        a - +0 robe
rPois   .            (helmet restricted)
rElec   .            x - +0 cloak
rCorr   .            (no gloves)
SInv    .            (boots unavailable)
Will    +++..        w - amulet of the Four Winds {rN+ Will+++ Clar}
Stlth   ++           i - ring of wizardry
HPRegen 0.30/turn    A - ring of protection from cold
MPRegen 0.16/turn

%: acrobat, clarity, wizardry (x1)
@: lethally poisoned (-1 -> -7), acrobatic, flying, very slightly contaminated,
slowed, very slow
A: beak, talons 3, evasive flight, acrobatic
a: Renounce Religion


You were on level 7 of the Dungeon.
You worshipped Vehumet.
Vehumet was aware of your devotion.
You visited 2 branches of the dungeon, and saw 9 of its levels.

You collected 387 gold pieces.

Inventory:

Hand Weapons
 D - a +0 dagger of venom (weapon)
Armour
 a - a +0 robe (worn)
 x - a +0 cloak (worn)
 z - a +0 kite shield
Jewellery
 i - a ring of wizardry (left hand)
 v - a ring of flight
 w - the amulet of the Four Winds (around neck) {rN+ Will+++ Clar}
   (You found it on level 5 of the Dungeon)

   [amulet of nothing]

   rN+:       It protects you from negative energy.
   Will+++:   It greatly increases your willpower.
   Clar:      It protects you from confusion, rage, mesmerisation and fear.
 A - a ring of protection from cold (right hand)
Wands
 t - a wand of iceblast (20)
 y - a wand of polymorph (5)
Scrolls
 c - 3 scrolls of teleportation {unknown}
 d - 5 scrolls of identify {unknown}
 e - a scroll of enchant weapon {unknown}
 f - 2 scrolls of blinking {unknown}
 g - a scroll of amnesia {unknown}
 j - a scroll of enchant armour {unknown}
 r - a scroll of fear {unknown}
 s - a scroll of vulnerability {unknown}
 u - a scroll of poison {unknown}
 B - 2 scrolls of noise {unknown}
 C - a scroll of revelation {unknown}
Potions
 h - 6 potions of curing
 k - a potion of attraction {unknown}
 l - 3 potions of mutation {unknown}
 m - 2 potions of enlightenment {unknown}
 n - a potion of heal wounds {unknown}
 o - a potion of berserk rage {unknown}
 p - 2 potions of invisibility {unknown}
 q - a potion of brilliance {unknown}


   Skills:
 + Level 5.7 Fighting
 - Level 5.0 Armour
 + Level 6.6 Dodging
 - Level 2.0 Stealth
 + Level 1.1 Shields
 + Level 5.5 Spellcasting
 * Level 12.0 Conjurations


You had 13 spell levels left.
You knew the following spells:

 Your Spells              Type           Power      Damage    Failure   Level
a - Magic Dart            Conj           100%       1d8       1%          1
f - Fulminant Prism       Conj/Alch      16%        3d10      3%          4
s - Searing Ray           Conj           100%       2d8       1%          2

Your spell library contained the following spells:

 Spells                   Type           Power      Damage    Failure   Level
 Foxfire                  Conj/Fire      100%       2x1d9     1%          1
 Iskenderun's Mystic Bla  Conj/Tloc      32%        2d8       3%          4
 Slow                     Hex            24%        N/A       4%          1
 Confusing Touch          Hex            6%         N/A       12%         3
 Sigil of Binding         Hex            6%         N/A       12%         3
 Vampiric Draining        Necr           6%         2d6       12%         3
 Animate Dead             Necr           6%         N/A       34%         4
 Haunt                    Necr/Summ      3%         N/A       100%        7
 Infestation              Necr           3%         N/A       100%        8


Dungeon Overview and Level Annotations

Branches:
Dungeon (8/15)             Temple (1/1) D:4
   Lair: D:8-11

Altars:
Ashenzari
Cheibriados
Dithmenos
Elyvilon
Fedhas
Gozag
Hepliaklqana
Kikubaaqudgha
Makhleb
Nemelex Xobeh
Okawaru
Qazlal
Ru
Sif Muna
Trog
Uskayaw
Vehumet
Xom
Yredelemnul
Zin
The Shining One

Annotations:
D:5 2 transporters, tdove's ghost, weakling OpDe
Temple 2 transporters


Innate Abilities, Weirdness & Mutations

You have a beak for a mouth.
You have claws for feet.
Your magical flight helps you evade attacks. (EV +4)
You can magically evade attacks while moving or waiting.


Message History

Your fulminant prism explodes!
The hornet stings you!
You suddenly lose the ability to move!
You stop ascending the stairs.
The hornet stings you!
You are poisoned.
You feel yourself slow down.
A kobold comes into view. It is wielding a +0 club.
A kobold comes into view. It is wielding a +0 whip.
You can move again.
You feel very sick. The hornet closely misses you.
The hornet completely misses you.
You fly upwards.
You feel very sick.
There is a stone staircase leading down here.
Magic courses through your body.
You feel yourself speed up.
You feel sick. The hornet barely misses you. The hornet stings you!
You feel yourself slow down. The hornet stings you.
* * * LOW HITPOINT WARNING * * *
You are more poisoned.
You feel as though you will be slow longer.
Casting: Searing Ray (safe; 1% risk of failure)
Confirm with . or Enter, or press ? or * to list all spells.
Aiming: Searing Ray (safe; 1% risk of failure)
Press: ? - help, Shift-Dir - straight line, f - hornet
Aim: a hornet (heavily wounded, 74% to hit)
The searing ray hits the hornet.
The hornet is severely wounded. (Press . to maintain the ray.)
* * * LOW HITPOINT WARNING * * *
You feel very sick. The hornet completely misses you. The hornet stings you.
* * * LOW HITPOINT WARNING * * *
You feel as though you will be slow longer.
The searing ray hits the hornet.
The hornet is almost dead.
* * * LOW HITPOINT WARNING * * *
You feel very sick. The hornet stings you.
You die...

#..........# #.########.# #.#
#.# ########## #.# #.# ##
#........# #.# #.# .#
#........# ####.# #.# (#
#........# #.##.# #.#
.####........###.##.# #.#
...............y@##.########.#
.####........###.............#
.###.........# #.###.#########
.............# #.# #.#
.............# #.# #.#
####........## #.# #.#
.#......#....# #.# #.#
.....#.......# #.# #.#
.#...#.......###.# #.#


You could see a hornet.

Vanquished Creatures
  Maggie (D:6)
  Grinder (D:6)
  Sigmund (D:6)
  4 yaks (D:5)
  2 steam dragons
  Menkaure (D:5)
  A sky beast (D:7)
  2 ogres
  2 centaurs
  A phantom (D:6)
  A gnoll sergeant (D:6)
  2 scorpions
  6 killer bees (D:8)
  6 hounds
  3 orc priests
  6 jellies
  5 iguanas
  2 orc wizards
  8 gnolls
  8 adders
  2 white imps (D:5)
  5 dart slugs
  A ribbon worm (D:2)
  18 orcs
  4 endoplasms
  3 giant cockroaches
  2 goblins
  3 hobgoblins
  12 jackals
  4 quokkas
  6 ball pythons
  5 bats
  2 frilled lizards
  9 kobolds
  6 rats
145 creatures vanquished.

Vanquished Creatures (others)
  An orc wizard (D:5)
  A goblin (D:4)
  13 fulminant prisms
15 creatures vanquished.

Grand Total: 160 creatures vanquished

Notes
Turn   | Place    | Note
-------+----------+-------------------------------------------
     0 | D:1      | Seabass1289 the Tengu Conjurer began the quest for the Orb.
     0 | D:1      | Reached XP level 1. HP: 10/10 MP: 4/4
   310 | D:1      | Reached XP level 2. HP: 15/15 MP: 1/6
   826 | D:2      | Reached XP level 3. HP: 13/20 MP: 2/7
  1027 | D:2      | Reached skill level 1 in Fighting
  1027 | D:2      | Reached skill level 1 in Armour
  1410 | D:2      | Reached skill level 6 in Conjurations
  1505 | D:2      | Reached XP level 4. HP: 25/25 MP: 5/8
  2517 | D:3      | Found a blossoming altar of Fedhas.
  2661 | D:3      | Reached XP level 5. HP: 29/29 MP: 5/9
  2808 | D:3      | Found a sacrificial altar of Ru.
  2834 | D:3      | Found a glowing golden altar of the Shining One.
  3609 | D:4      | Reached skill level 7 in Conjurations
  3609 | D:4      | Reached XP level 6. HP: 16/35 MP: 1/11
  4030 | D:4      | Found a stormy altar of Qazlal.
  4220 | D:4      | Found a hazy altar of Hepliaklqana.
  4358 | D:4      | Found a staircase to the Ecumenical Temple.
  4366 | Temple   | Found a transporter.
  4366 | Temple   | Found a transporter.
  4366 | Temple   | Found a transporter.
  4366 | Temple   | Found a transporter.
  4366 | Temple   | Entered the Ecumenical Temple
  4593 | D:5      | Entered Level 5 of the Dungeon
  4723 | D:5      | Found a shadowy altar of Dithmenos.
  4817 | D:5      | Noticed a steam dragon
  4844 | D:4      | Learned a level 2 spell: Searing Ray
  4849 | D:4      | Learned a level 4 spell: Fulminant Prism
  4903 | D:5      | Gained mutation: Your magical flight helps you evade
                  | attacks. (EV +4) [Tengu growth]
  4903 | D:5      | Reached XP level 7. HP: 40/40 MP: 6/12
  5202 | D:5      | Killed a steam dragon
  5203 | D:5      | Reached skill level 8 in Conjurations
  5358 | D:5      | Found a transporter.
  5367 | D:5      | Found the amulet of the Four Winds {rN+ Will+++ Clar}
  5379 | D:5      | Found a transporter.
  5382 | D:5      | Noticed tdove's ghost (weakling OpDe)
  5394 | D:5      | Noticed Menkaure
  5399 | D:5      | Killed Menkaure
  5627 | D:5      | Noticed a yak
  5628 | D:5      | Noticed a yak
  5638 | D:5      | Killed a yak
  5639 | D:5      | Reached XP level 8. HP: 46/46 MP: 4/14
  5736 | D:5      | Noticed a yak
  5804 | D:5      | Killed a yak
  5805 | D:5      | Reached skill level 9 in Conjurations
  5888 | D:5      | Noticed a yak
  5899 | D:5      | Killed a yak
  5900 | D:5      | Killed a yak
  6052 | D:5      | Reached skill level 5 in Dodging
  6370 | D:6      | Reached skill level 10 in Conjurations
  6370 | D:6      | Reached XP level 9. HP: 52/52 MP: 7/16
  6538 | D:6      | Found a radiant altar of Vehumet.
  6664 | D:6      | Became a worshipper of Vehumet
  6675 | D:6      | Noticed Grinder
  6707 | D:6      | Killed Grinder
  6708 | D:6      | Reached skill level 5 in Armour
  6864 | D:6      | Noticed Maggie
  6877 | D:6      | Killed Maggie
  7042 | D:6      | Noticed Sigmund
  7051 | D:6      | Killed Sigmund
  7052 | D:6      | Reached skill level 5 in Fighting
  7052 | D:6      | Reached skill level 5 in Spellcasting
  7052 | D:6      | Reached skill level 11 in Conjurations
  8626 | D:8      | Found a broken altar of Ashenzari.
  8645 | D:8      | Reached * piety under Vehumet
  8645 | D:8      | Offered knowledge of Foxfire by Vehumet.
  8751 | D:8      | Reached XP level 10. HP: 19/60 MP: 9/19
  8754 | D:8      | Reached skill level 1 in Shields
  8754 | D:8      | Reached skill level 12 in Conjurations
  8952 | D:8      | Paralysed by a hornet for 2 turns
  8958 | D:7      | HP: 2/60 [poisoned by a hornet]
  8958 | D:7      | Slain by a hornet

Illustrated notes

Levels and vault maps discovered:
D:1:      moated_graveyard_arrival, layout_basic
D:2:      layout_loops_cross, serial_bayou, serial_bayou_lagoon_a,
          serial_bayou_ford_a, serial_bayou_pond_a, serial_bayou_lake_a,
          minmay_tripent
D:3:      layout_loops_cross, tso_oasis_becter, nicolae_ru_the_path_less_chosen,
          lemuel_round_altar
D:4:      layout_basic, nicolae_qazlal_scattered_showers, lemuel_tele_altar,
          minmay_temple_entry_junction, kennysheep_generic_room_13
D:5:      layout_basic, nicolae_overflow_crystal_walls,
          gammafunk_ghost_mausoleum, eino_small_chamber_without_monster,
          uniq_menkaure
D:6:      layout_cave_pods, mainiacjoe_overflow_alcove_1,
          minmay_misc_feat_tower, hangedman_abyss_or_decor_lesser_grid,
          nicolae_shop_sticking_my_neck_out, uniq_maggie, uniq_grinder,
          uniq_sigmund
D:7:      layout_basic, wad_floor_pattern_untrapped, serial_park_tiny_2,
          hangedman_decor_lopped
D:8:      layout_gridville, nicolae_ashenzari_panopticon, serial_shops, shop
Temple:   hellmonk_temple_divided_pantheon

Skill      XL: |  1  2  3  4  5  6  7  8  9 10 |
---------------+-------------------------------+-----
Fighting       | 1 2 3 4 5 |  5.7
Armour         | 1 2 3 4 5 |  5.0
Conjurations   | 6 7 8 10 11 12 | 12.0
Dodging        | 3 4 5 6 |  6.6
Spellcasting   | 3 4 5 |  5.5
Shields        | 1 |  1.1
Stealth        | |  2.0

Action                     |  1- 3 |  4- 6 |  7- 9 | 10-12 || total
---------------------------+-------+-------+-------+-------++-------
  Melee: Unarmed           |    17 |     1 |       |       ||    18
         Peck              |     5 |       |       |       ||     5
         Kick              |     3 |     2 |     1 |       ||     6
         Dagger            |       |     5 |     3 |       ||     8
   Cast: Magic Dart        |    58 |   167 |   105 |       ||   330
         Searing Ray       |       |       |    30 |     3 ||    33
         Fulminant Prism   |       |       |    10 |     3 ||    13
    Use: Potion            |       |       |     1 |     1 ||     2
 Armour: Robe              |    15 |    27 |    31 |     6 ||    79
  Dodge: Dodged            |    13 |    43 |    86 |     7 ||   149
